 Dungeon Crawl Stone Soup version 0.23.2-1-ga50397a (webtiles) character file.

Game seed: 14707236298148168510

127 Kairos the Shield-Bearer (level 5, -10/42 HPs)
             Began as a Formicid Fighter on Apr 21, 2019.
             Killed by divine providence
             ... invoked by an orc priest
              (12 damage)
             ... on level 3 of the Dungeon.
             The game lasted 00:02:02 (1748 turns).

Kairos the Shield-Bearer (Formicid Fighter)         Turns: 1748, Time: 00:02:03

Health: -10/42     AC:  7    Str: 22    XL:     5   Next: 33%
Magic:  5/5        EV:  8    Int:  7    God:
Gold:   113        SH: 10    Dex: 10    Spells: 4/4 levels left

rFire    . . .     SeeInvis +   a - +0 war axe
rCold    . . .     Gourm    .   c - +0 shield
rNeg     . . .     Faith    .   b - +0 scale mail
rPois    .         Spirit   .   (helmet unavailable)
rElec    .         Reflect  .   (no cloak)
rCorr    .         Harm     .   (no gloves)
MR       .....                  (no boots)
Stlth    ..........             (no amulet)
HPRegen  0.14/turn              (no ring)
MPRegen  0.09/turn              (no ring)

@: no status effects
A: permanent stasis, dig shafts and tunnels, four strong arms, antennae 3
a: Dig, Shaft Self


You were on level 3 of the Dungeon.
You were not hungry.

You visited 1 branch of the dungeon, and saw 3 of its levels.

You collected 113 gold pieces.

Inventory:

Hand Weapons
 a - a +0 war axe (weapon)
Missiles
 n - 3 tomahawks (quivered)
Armour
 b - a +0 scale mail (worn)
 c - a +0 shield (worn)
Scrolls
 e - a scroll of magic mapping {unknown}
 g - a scroll of identify
 j - a scroll of immolation {unknown}
 l - a scroll of random uselessness {unknown}
 m - a scroll of remove curse {unknown}
Potions
 d - a potion of might
 h - a potion of flight
 i - a potion of resistance
 k - 2 potions of curing
Comestibles
 f - 4 rations
 o - 4 chunks of flesh


   Skills:
 + Level 3.7 Fighting
 + Level 3.6 Axes
 + Level 3.8 Armour
 + Level 0.4 Dodging
 + Level 4.6 Shields


You had 4 spell levels left.
You didn't know any spells.
Your spell library was empty.

Dungeon Overview and Level Annotations

Branches:
Dungeon (3/15)

Altars:


Innate Abilities, Weirdness & Mutations

You cannot be hasted, slowed, berserked, paralysed or teleported.
You can dig through walls and to a lower floor.
Your four strong arms can wield two-handed weapons with a shield.
You have a pair of large antennae on your head. (SInv)


Message History

* * * LOW HITPOINT WARNING * * *
You slash the orc!
You kill the orc!
You slash the orc!
You kill the orc!
An orc priest comes into view.
Things that are here:
a +0 falchion; a +0 short sword; an orc corpse You hit the orc priest but do no damage.
The orc priest barely misses you.
The orc priest miscasts a cantrip.
You hit the orc priest but do no damage.
The orc priest invokes the aid of Beogh against you.
Pain shoots through your body!
* * * LOW HITPOINT WARNING * * *
You hit the orc priest.
The orc priest is moderately wounded.
The orc priest invokes the aid of Beogh against you.
Beogh smites you!
You die...

#.# #.# #.#######
#.......###
...........
......#.##.
...####.##.#######
#.......##.....).#
))########..####@#
#)# #..# #o# #'##
#..####.# ...##
#....##.# ....##
##.#.##.# .....##
##.#.##.#
......####....##.#
......'..........#
......####....####


You could see an orc priest.

Vanquished Creatures
  An orc wizard (D:3)
  An adder (D:2)
  A gnoll (D:1)
  An ooze (D:1)
  A worm (D:2)
  4 dart slugs (D:1)
  A leopard gecko (D:1)
  9 orcs (D:3)
  A ball python (D:2)
  4 bats
  4 giant cockroaches
  10 goblins
  2 hobgoblins (D:2)
  4 jackals (D:2)
  2 quokkas
  4 frilled lizards
  5 kobolds
55 creatures vanquished.

Notes
Turn   | Place    | Note
-------+----------+-------------------------------------------
     0 | D:1      | Kairos the Formicid Fighter began the quest for the Orb.
     0 | D:1      | Reached XP level 1. HP: 18/18 MP: 1/1
   103 | D:1      | Reached skill level 4 in Shields
   103 | D:1      | Reached XP level 2. HP: 19/24 MP: 2/2
   212 | D:1      | Reached XP level 3. HP: 29/29 MP: 3/3
   711 | D:2      | Reached XP level 4. HP: 30/35 MP: 4/4
  1705 | D:3      | Reached XP level 5. HP: 19/41 MP: 5/5
  1747 | D:3      | HP: 2/42 [orc priest/nerve-wracking pain (9)]
  1748 | D:3      | Killed from afar by an orc priest

Skill      XL: |  1  2  3  4 |
---------------+-------------+-----
Shields        | 4 |  4.6
Axes           | 3 |  3.6
Fighting       | |  3.7
Armour         | |  3.8
Dodging        | |  0.4

Action                   |  1- 3 |  4- 6 || total
-------------------------+-------+-------++-------
Melee: War axe           |    83 |    75 ||   158
 Abil: Dig               |       |     1 ||     1
  Use: Scroll            |     3 |     1 ||     4
       Potion            |     2 |     2 ||     4
  Eat: Chunk             |       |     3 ||     3
Armor: Scale mail        |    43 |    37 ||    80
Dodge: Dodged            |    28 |    25 ||    53
Block: Shield            |    59 |    41 ||   100
